 Dungeon Crawl Stone Soup version 0.28.0-43-g3370ac3207 (webtiles) character file.

Game seed: 1349349841805752777

29387 pkoi the Devastator (level 13, -3/86 HPs)
             Began as a Pale Draconian Conjurer on Mar 1, 2022.
             Was an Elder of Vehumet.
             Killed from afar by a rime drake (23 damage)
             ... with a flash freeze
             ... on level 4 of the Lair of Beasts.
             The game lasted 00:42:16 (25728 turns).

pkoi the Devastator (Pale Draconian Conjurer)      Turns: 25728, Time: 00:42:17

Health: -3/86      AC: 11    Str: 11    XL:     13   Next: 14%
Magic:  3/22       EV: 14    Int: 26    God:    Vehumet [****..]
Gold:   1143       SH:  0    Dex: 12    Spells: 8/24 levels left

rFire   + . .      SeeInvis .   k - +3 dagger "Hulk" {freeze, rF+ Int+3}
rCold   + . .      Faith    .   (no shield)
rNeg    . . .      Spirit   .   (armour unavailable)
rPois   .          Reflect  .   (helmet restricted)
rElec   .          Harm     .   A - +1 cloak
rCorr   .          Rampage  .   J - +0 pair of fencer's gloves {Riposte Dex+3}
Will    .....                   (no boots)
Stlth   ++........              x - amulet of magic regeneration
HPRegen 0.24/turn               f - ring of protection from cold
MPRegen 0.58/turn               F - ring of wizardry

@: no status effects
A: breathe steam, AC +8, unfitting armour, cold-blooded, steam resistance
a: Breathe Steam, Renounce Religion


You were on level 4 of the Lair of Beasts.
You worshipped Vehumet.
Vehumet was greatly pleased with you.
You visited 3 branches of the dungeon, and saw 14 of its levels.
You also visited: Ice Cave.

You collected 1298 gold pieces.
You spent 155 gold pieces at shops.

Inventory:

Hand Weapons
 a - a +0 spear
 c - a +0 whip
 i - a +2 whip of freezing
 k - the +3 dagger "Hulk" (weapon) {freeze, rF+ Int+3}
   (You found it on level 2 of the Dungeon)

   It freezes those it strikes, dealing additional cold damage.
   It can also slow down cold-blooded creatures.
   Int:       It affects your intelligence (+3).
   rF:        It protects you from fire.
 t - a +2 whip of electrocution
Missiles
 s - 5 curare-tipped darts
 y - 6 poisoned darts
Armour
 m - a +1 pair of gloves
 A - a +1 cloak (worn)
 J - the +0 pair of fencer's gloves (worn) {Riposte Dex+3}
   (You found it on level 5 of the Dungeon)

   It allows the wearer to riposte with melee weapons, swiftly retaliating
   against missed attacks.
   Dex:       It affects your dexterity (+3).
Magical Staves
 z - a staff of cold
 O - a staff of death
Jewellery
 f - a ring of protection from cold (left hand)
 x - an amulet of magic regeneration (around neck)
 F - a ring of wizardry (right hand)
 P - a ring of fire
 Q - an amulet of guardian spirit
 R - a +4 ring of slaying
 S - a ring of willpower
Wands
 d - a wand of charming (5)
 p - a wand of polymorph (15)
 q - a wand of acid (8)
 r - a wand of paralysis (8)
 D - a wand of flame (25)
 H - a wand of digging (4)
 I - a wand of mindburst (4)
 L - a wand of iceblast (3)
Scrolls
 h - 2 scrolls of blinking
 l - 3 scrolls of silence
 v - a scroll of fear
 w - 4 scrolls of teleportation
 M - a scroll of enchant weapon
 U - 2 scrolls of magic mapping
 V - a scroll of summoning
Potions
 b - 4 potions of curing
 e - 3 potions of brilliance
 g - a potion of cancellation
 j - 4 potions of flight
 n - 2 potions of haste
 o - a potion of ambrosia
 u - a potion of berserk rage
 B - a potion of magic
 C - 2 potions of lignification {unknown}
 E - 2 potions of might
 G - 2 potions of resistance
 N - a potion of invisibility
 W - a potion of heal wounds
Miscellaneous
 K - a phantom mirror


   Skills:
 + Level 7.1 Dodging
 - Level 3.0 Stealth
 - Level 6.0 Spellcasting
 + Level 15.2 Conjurations
 - Level 9.0 Hexes
 - Level 9.0 Translocations
 - Level 5.0 Air Magic


You had 8 spell levels left.
You knew the following spells:

 Your Spells              Type           Power      Damage    Failure   Level
a - Magic Dart            Conj           100%       1d8       0%          1
b - Searing Ray           Conj           100%       2d8       0%          2
c - Iskenderun's Mystic   Conj/Tloc      63%        2d13      1%          4
d - Fulminant Prism       Conj/Hex       31%        3d16      1%          4
e - Passwall              Tmut/Erth      5%         N/A       4%          2
f - Swiftness             Air            33%        N/A       1%          3

Your spell library contained the following spells:

 Spells                   Type           Power      Damage    Failure   Level
 Ignite Poison            Fire/Tmut/Pois 7%         N/A       2%          3
 Ensorcelled Hibernation  Hex/Ice        62%        N/A       1%          2
 Dazzling Flash           Conj/Hex       100%       N/A       1%          3
 Irradiate                Conj/Tmut      23%        3d21      1%          5
 Blade Hands              Tmut           3%         N/A       56%         5
 Dragon Form              Tmut           3%         N/A       100%        7


Dungeon Overview and Level Annotations

Branches:
Dungeon (9/15)             Temple (1/1) D:7            Lair (4/6) D:8
  Swamp (0/4) Lair:2       Spider (0/4) Lair:2        IceCv (visited)
    Orc: D:9-12

Altars:
Ashenzari
Cheibriados
Dithmenos
Elyvilon
Fedhas
Gozag
Hepliaklqana
Kikubaaqudgha
Makhleb
Nemelex Xobeh
Okawaru
Qazlal
Trog
Uskayaw
Vehumet
Xom
Yredelemnul
The Shining One

Shops:
D:2 ??(=   D:4 =   D:8 ?


Innate Abilities, Weirdness & Mutations

You can breathe blasts of scalding, opaque steam.
Your pale cyan-grey scales are hard. (AC +8)
You cannot fit into any form of body armour.
You are cold-blooded and may be slowed by cold attacks.
You are immune to the effects of steam.


Message History

You are encased in ice.
There is a stone staircase leading up here.
The ice encasing you melts away. The elephant tramples you.
* * * LOW HITPOINT WARNING * * *
You stumble backwards!
You stop ascending the stairs.
The rime drake breathes ice at you. The flash freeze hits you!
You partially resist.
* * * LOW HITPOINT WARNING * * *
You are encased in ice.
Casting: Iskenderun's Mystic Blast (safe; 1% risk of failure)
Confirm with . or Enter, or press ? or * to list all spells.
You erupt in a blast of force!
The mystic blast hits the elephant!!
The elephant is almost dead.
The mystic blast hits the elephant.
You kill the elephant!
Vehumet accepts your kill.
Okay, then.
Unknown command.
Casting: Iskenderun's Mystic Blast (safe; 1% risk of failure)
Confirm with . or Enter, or press ? or * to list all spells.
Okay, then.
Unknown command.
The ice encasing you melts away. The rime drake breathes ice at you.
The flash freeze misses you.
Casting: Iskenderun's Mystic Blast (safe; 1% risk of failure)
Confirm with . or Enter, or press ? or * to list all spells.
You erupt in a blast of force!
The mystic blast hits the rime drake.
The rime drake is lightly wounded.
The rime drake is knocked back by the mystic blast.
The mystic blast hits the elephant!
You kill the elephant!
Vehumet accepts your kill.
Unknown command.
There is a stone staircase leading up here.
The rime drake bites you but does no damage.
The rime drake breathes ice at you. The flash freeze hits you!!
You partially resist.
You die...

###............##
#.#.............#
##.............####
#.#............##.##
##.............#.#..
#..................
##.......<..†......
##..................
#..@k...........###.
##.............###.#
##...(........#####
#..#...##.####.#
###.#.###.# ###
##### ###


You could see a rime drake (catching breath).

Vanquished Creatures
  An ice dragon (IceCv)
  5 hydras
  A catoblepas (D:8)
  5 death yaks (Lair:4)
  Pikel (D:3)
  4 elephants (Lair:4)
  2 black mambas
  4 cane toads
  2 ice statues (IceCv)
  Maggie (D:9)
  Psyche (D:9)
  6 rime drakes
  6 komodo dragons
  A polar bear (Lair:3)
  5 blink frogs (Lair:2)
  A vampire (D:9)
  A wraith (D:9)
  3 wyverns (Lair:2)
  25 yaks
  2 death yak simulacra (Lair:3)
  3 wargs
  11 water moccasins
  3 orc warriors (D:9)
  2 sky beasts
  3 ogres
  A necrophage (D:3)
  3 black bears
  14 wolves
  2 centaurs
  4 lemures (D:4)
  2 phantoms
  A gnoll sergeant (D:7)
  4 scorpions
  9 bullfrogs
  3 cane toad simulacra (Lair:3)
  4 lindwurm simulacra (IceCv)
  37 killer bees
  6 wights
  6 electric eels (Lair:2)
  3 howler monkeys (D:9)
  5 komodo dragon simulacra (IceCv)
  2 centaur zombies
  5 bullfrog skeletons
  A hound (D:6)
  6 orc priests
  Crazy Yiuf (D:2)
  A centaur skeleton (D:4)
  2 gnoll shamans
  Natasha (thrice) (D:3)
  3 iguanas
  11 orc wizards
  A howler monkey zombie (D:7)
  Robin (D:1)
  21 gnolls
  5 acid dragon simulacra (IceCv)
  8 adders
  A shadow imp (D:5)
  2 white imps
  7 steam dragon simulacra (IceCv)
  2 worms
  22 orcs
  3 bats (D:3)
  6 endoplasms
  4 giant cockroaches
  12 goblins
  11 hobgoblins
  7 jackals
  4 quokkas
  5 ball pythons
  6 frilled lizards
  8 kobolds
  5 rats
  A fulminant prism (Lair:4)
380 creatures vanquished.

Vanquished Creatures (others)
  53 fulminant prisms
  22 fungi
  58 plants
133 creatures vanquished.

Grand Total: 513 creatures vanquished

Notes
Turn   | Place    | Note
-------+----------+-------------------------------------------
     0 | D:1      | pkoi the Draconian Conjurer began the quest for the Orb.
     0 | D:1      | Reached XP level 1. HP: 14/14 MP: 3/3
   218 | D:1      | Reached XP level 2. HP: 5/20 MP: 0/5
   616 | D:1      | Learned a level 2 spell: Searing Ray
  1006 | D:1      | Reached skill level 5 in Conjurations
  1046 | D:1      | Reached XP level 3. HP: 26/26 MP: 4/6
  1881 | D:2      | Found Cipemn's Jewellery Shoppe.
  1887 | D:2      | Noticed Robin
  2188 | D:1      | Killed Robin
  2442 | D:2      | Reached XP level 4. HP: 33/33 MP: 1/7
  2648 | D:2      | Found a faded altar of an unknown god.
  2792 | D:2      | Found Olutuagum's Weapon Shop.
  2821 | D:2      | Reached skill level 6 in Conjurations
  3186 | D:2      | Identified the +3 dagger "Hulk" {freeze, rF+ Int+3}
  3422 | D:2      | Found Celuh's Magic Scroll Emporium.
  3425 | D:2      | Bought a scroll of blinking for 97 gold pieces
  3428 | D:2      | Bought a scroll of noise for 13 gold pieces
  3444 | D:2      | Found a runed translucent door.
  3445 | D:2      | Noticed Crazy Yiuf
  3540 | D:2      | Found Gekej's Magic Scroll Emporium.
  4092 | D:3      | Found a stormy altar of Qazlal.
  4097 | D:3      | Reached XP level 5. HP: 38/38 MP: 3/8
  4302 | D:3      | Learned a level 4 spell: Iskenderun's Mystic Blast
  4715 | D:3      | Noticed Natasha
  4726 | D:3      | Killed Natasha
  5093 | D:3      | Noticed a necrophage
  5101 | D:3      | Killed a necrophage
  5102 | D:3      | Reached skill level 1 in Translocations
  5274 | D:3      | Reached XP level 6. HP: 45/45 MP: 5/9
  5875 | D:4      | Noticed Pikel
  6663 | D:4      | Found Tuicrilu's Jewellery Boutique.
  6784 | D:4      | Reached skill level 7 in Conjurations
  6983 | D:5      | Entered Level 5 of the Dungeon
  7359 | D:5      | Your scales start taking on a pale cyan-grey colour.
  7359 | D:5      | Reached XP level 7. HP: 50/50 MP: 3/11
  7359 | D:5      | Gained mutation: You are immune to the effects of steam.
                  | [Pale Draconian growth]
  8176 | D:5      | Found the +0 pair of fencer's gloves {Riposte Dex+3}
  8324 | D:5      | Reached skill level 8 in Conjurations
  8879 | D:5      | Reached XP level 8. HP: 40/57 MP: 7/13
  9191 | D:6      | Reached skill level 5 in Translocations
 10124 | D:6      | Found a sparkling altar of Nemelex Xobeh.
 10124 | D:6      | Found a burning altar of Makhleb.
 10194 | D:6      | Reached skill level 9 in Conjurations
 10384 | D:6      | Learned a level 4 spell: Fulminant Prism
 10701 | D:2      | Learned a level 2 spell: Passwall
 10790 | D:2      | Killed Crazy Yiuf
 10791 | D:2      | Reached skill level 1 in Hexes
 11055 | D:3      | Noticed Natasha
 11069 | D:3      | Killed Natasha
 11078 | D:3      | Noticed Natasha
 11084 | D:3      | Killed Natasha
 11239 | D:3      | Killed Pikel
 11240 | D:3      | Reached XP level 9. HP: 48/62 MP: 4/16
 11499 | D:7      | Identified the +5 ring mail "Gaufebb" {rC+ rN+ Dex+4
                  | Stlth-}
 11918 | D:7      | Found a staircase to the Ecumenical Temple.
 11927 | Temple   | Entered the Ecumenical Temple
 12141 | D:7      | Reached skill level 5 in Spellcasting
 12144 | D:7      | Reached skill level 10 in Conjurations
 12626 | Temple   | Became a worshipper of Vehumet
 12681 | D:8      | Found a snail-covered altar of Cheibriados.
 12722 | D:8      | Noticed a catoblepas
 13320 | D:8      | Found a staircase to the Lair.
 14249 | D:8      | Reached skill level 5 in Hexes
 14499 | D:8      | Found Hiannapn's Magic Scroll Shop.
 14502 | D:8      | Bought a scroll of fear for 45 gold pieces
 14611 | D:8      | Killed a catoblepas
 14612 | D:8      | Reached XP level 10. HP: 10/69 MP: 11/18
 15105 | D:9      | Reached skill level 11 in Conjurations
 15366 | D:9      | Learned a level 3 spell: Swiftness
 15409 | D:9      | Reached skill level 1 in Air Magic
 16054 | D:9      | Noticed Psyche
 16064 | D:9      | Noticed Maggie
 16069 | D:9      | Reached * piety under Vehumet
 16069 | D:9      | Offered knowledge of Sandblast by Vehumet.
 16074 | D:9      | Killed Psyche
 16076 | D:9      | HP: 3/69 [Maggie/+2 morningstar of flaming (3)]
 16093 | D:9      | Killed Maggie
 16398 | D:9      | Reached skill level 12 in Conjurations
 16640 | Lair:1   | Entered Level 1 of the Lair of Beasts
 16670 | Lair:1   | Reached skill level 5 in Air Magic
 16967 | Lair:1   | Reached XP level 11. HP: 70/74 MP: 9/20
 17223 | Lair:1   | Reached ** piety under Vehumet
 17236 | Lair:1   | Offered knowledge of Poisonous Vapours by Vehumet.
 18669 | Lair:1   | Reached skill level 13 in Conjurations
 19305 | Lair:2   | Found a staircase to the Swamp.
 19317 | Lair:2   | Offered knowledge of Stone Arrow by Vehumet.
 20050 | Lair:2   | Found a hole to the Spider Nest.
 20667 | Lair:3   | Noticed a four-headed hydra
 20675 | Lair:3   | Killed a four-headed hydra
 20959 | Lair:3   | You fall into a shaft and drop 1 floor!
 20965 | Lair:4   | Noticed a four-headed hydra
 20974 | Lair:4   | Killed a four-headed hydra
 21018 | Lair:4   | Noticed a death yak
 21019 | Lair:4   | Noticed a death yak
 21019 | Lair:4   | Noticed a death yak
 21022 | Lair:4   | Noticed a death yak
 21023 | Lair:4   | Noticed a death yak
 21035 | Lair:4   | Killed a death yak
 21036 | Lair:4   | Reached XP level 12. HP: 42/81 MP: 13/21
 21053 | Lair:4   | Reached *** piety under Vehumet
 21287 | Lair:3   | Found a frozen archway.
 21291 | Lair:3   | Noticed a six-headed hydra
 21295 | IceCv    | Entered an ice cave
 21786 | IceCv    | Offered knowledge of Mephitic Cloud by Vehumet.
 22072 | IceCv    | Noticed an ice dragon
 22629 | IceCv    | Killed an ice dragon
 22630 | IceCv    | Reached skill level 14 in Conjurations
 23180 | Lair:3   | Killed a six-headed hydra
 23464 | Lair:3   | Reached **** piety under Vehumet
 23468 | Lair:3   | Offered knowledge of Ignite Poison by Vehumet.
 23694 | Lair:3   | Noticed a five-headed hydra
 23703 | Lair:3   | Reached skill level 5 in Dodging
 23709 | Lair:3   | Killed a five-headed hydra
 25321 | Lair:4   | Killed a death yak
 25325 | Lair:4   | Killed a death yak
 25327 | Lair:4   | Killed a death yak
 25327 | Lair:4   | Killed a death yak
 25328 | Lair:4   | Reached XP level 13. HP: 42/86 MP: 6/22
 25658 | Lair:4   | Reached skill level 15 in Conjurations
 25728 | Lair:4   | Killed from afar by a rime drake

Illustrated notes

Levels and vault maps discovered:
D:1:      nicolae_arrival_memento_mori, layout_loops_ring,
          minmay_strange_pillars, minmay_circled_x
D:2:      layout_rooms, dreamdust_ecumenical_altar_grove, serial_shops,
          shop_coins, nicolae_shop_advertising_works
          [nicolae_subvault_shop_adworks], nicolae_shop_behind_doors, shop,
          serial_glass, glass_columns_a, glass_columns_b, glass_columns_a,
          due_unseen_surprise, item_on_display_a, minmay_strange_pillars,
          uniq_robin, uniq_crazy_yiuf_cottage
D:3:      layout_loops_corners, lemuel_crystal_altar, uniq_natasha
D:4:      layout_basic, nicolae_ossuary_entry_false_entrances,
          nicolae_stop_n_shop_1, minmay_misc_feat_columns, uniq_pikel
D:5:      layout_basic
D:6:      layout_basic, gammafunk_temple_overflow_pools
D:7:      layout_rooms, minmay_temple_entry_mist, kennysheep_generic_room_4
D:8:      layout_rooms, pf_just_have_faith, erik_lair_orcish_takeover,
          serial_shops, kennysheep_mini_moat
D:9:      layout_big_octagon, nicolae_ru_great_annihilating_truth,
          kennysheep_orc_sif_temple, uniq_maggie, uniq_psyche
Temple:   nicolae_temple_great_sept
Lair:1:   wad_woods_minihive, layout_cave_pods, grunt_megastairs_5
Lair:2:   layout_roguey, minmay_swamp_entry_eels, spider_nest_entry_web_field,
          minivault_25
Lair:3:   layout_regular_city, nicolae_volcano_entry_two_sided,
          portal_ice_cave_entry_ice_simulacra, beast_lair_carwin_9
Lair:4:   layout_gridlike, gauntlet_entry_generic

Skill      XL: |  1  2  3  4  5  6  7  8  9 10 11 12 13 |
---------------+----------------------------------------+-----
Conjurations   | 5 6 7 8 9 10 12 13 14 15 | 15.2
Translocations | 1 3 4 6 8 9 |  9.0
Spellcasting   | 3 4 5 6 |  6.0
Hexes          | 2 5 6 7 9 |  9.0
Air Magic      | 5 |  5.0
Stealth        | 3 |  3.0
Dodging        | 3 6 7 |  7.1

Action                   |  1- 3 |  4- 6 |  7- 9 | 10-12 | 13-15 || total
-------------------------+-------+-------+-------+-------+-------++-------
Melee: Unarmed           |    13 |       |     5 |    16 |       ||    34
       Tailslap          |     6 |     6 |     8 |    10 |       ||    30
       Whip              |     9 |    11 |       |       |       ||    20
       Spear             |     3 |       |       |       |       ||     3
       Dagger            |       |    46 |    70 |    63 |       ||   179
       Punch             |       |       |     1 |       |       ||     1
 Cast: Magic Dart        |    81 |   105 |   154 |   129 |     4 ||   473
       Searing Ray       |     1 |    12 |    32 |    25 |     2 ||    72
       Passwall          |       |       |     2 |       |       ||     2
       Fulminant Prism   |       |       |     5 |    44 |     5 ||    54
       Iskenderun's Myst |       |       |     4 |   155 |    12 ||   171
 Abil: Breathe Steam     |       |       |     8 |     4 |       ||    12
Evoke: Wand              |       |       |       |     5 |       ||     5
  Use: Scroll            |       |     6 |     9 |     8 |       ||    23
       Potion            |       |       |       |     5 |       ||     5
Armor: Skin              |     9 |    26 |    71 |   101 |     5 ||   212
Dodge: Dodged            |    22 |    47 |    77 |   164 |     9 ||   319
       Rpst.: Dagger     |       |       |       |    11 |     2 ||    13
